 Dungeon Crawl Stone Soup version 0.24-a0-317-g5cb8de4b22 (webtiles) character file.

Game seed: 2541513600038161502

1360 HAL9000 the Martial Artist (level 8, -4/59 HPs)
             Began as a Pale Draconian Transmuter on May 16, 2019.
             Killed by divine providence
             ... invoked by an orc priest
              (11 damage)
             ... on level 6 of the Dungeon.
             The game lasted 00:08:56 (5713 turns).

HAL9000 the Martial Artist (DrTm)                   Turns: 5713, Time: 00:08:57

Health: -4/59      AC:  2    Str: 13    XL:     8   Next: 37%
Magic:  17/20      EV: 19    Int: 14    God:
Gold:   347        SH:  0    Dex: 18    Spells: 5/11 levels left

rFire    . . .     SeeInvis .     - Unarmed
rCold    . . .     Gourm    .   (shield currently unavailable)
rNeg     . . .     Faith    .   (armour unavailable)
rPois    x         Spirit   .   (helmet currently unavailable)
rElec    .         Reflect  .   (cloak currently unavailable)
rCorr    +         Harm     .   (gloves currently unavailable)
MR       .....                  (boots currently unavailable)
Stlth    ++........             (no amulet)
HPRegen  0.19/turn              i - ring of resist corrosion
MPRegen  0.17/turn              m - ring of magical power

@: spider-form
A: tiny, (breathe steam), unfitting armour, AC +6
a: End Transformation


You were on level 6 of the Dungeon.
You were not hungry.
You were a venomous arachnid creature.
You visited 2 branches of the dungeon, and saw 7 of its levels.

You collected 347 gold pieces.

Inventory:

Missiles
 a - 80 arrows
 f - 3 datura-tipped darts (quivered)
 r - a boomerang
 x - 19 poisoned darts
Armour
 d - a +0 pair of boots (melded)
Jewellery
 i - a ring of resist corrosion (left front leg)
 m - a ring of magical power (right front leg)
 p - a cursed amulet of guardian spirit {unknown}
 t - an uncursed ring of see invisible {unknown}
Wands
 q - a wand of polymorph (8)
Scrolls
 e - 4 scrolls of remove curse {unknown}
 g - 3 scrolls of random uselessness {unknown}
 h - 3 scrolls of noise {unknown}
 j - 3 scrolls of teleportation {unknown}
 l - 2 scrolls of amnesia {unknown}
 n - 3 scrolls of identify
 o - 2 scrolls of immolation {unknown}
 w - a scroll of magic mapping {unknown}
 y - a scroll of fog {unknown}
 A - 2 scrolls of enchant weapon {unknown}
 C - a scroll of vulnerability {unknown}
Potions
 b - 5 potions of curing
 k - a potion of mutation
 s - a potion of ambrosia {unknown}
 u - 2 potions of degeneration {unknown}
 v - 3 potions of heal wounds {unknown}
 z - a potion of lignification {unknown}
 B - a potion of berserk rage {unknown}
Comestibles
 c - 8 rations
 D - 2 chunks of flesh


   Skills:
 - Level 1.1 Fighting
 - Level 1.7 Dodging
 + Level 8.0 Unarmed Combat
 - Level 2.0 Spellcasting
 * Level 7.4 Transmutations


You had 5 spell levels left.
You knew the following spells:

 Your Spells              Type           Power        Failure   Level  Hunger
a - Beastly Appendage     Tmut           ###...       5%          1    ##.....
b - Sticks to Snakes      Tmut           ###.....     7%          2    ###....
c - Spider Form           Tmut/Pois      ##........   34%         3    ####...

Your spell library contained the following spells:

 Spells                   Type           Power        Failure   Level  Hunger
 Blade Hands              Tmut           ###.......   52%         5    ######.
 Ice Form                 Ice/Tmut       ##......     67%         4    #####..


Dungeon Overview and Level Annotations

Branches:
Dungeon (6/15)             Temple (1/1) D:4

Altars:
Dithmenos
Gozag
Kikubaaqudgha
Nemelex Xobeh
Okawaru
Ru
Vehumet
Wu Jian
Xom
Yredelemnul
The Shining One


Innate Abilities, Weirdness & Mutations

((You can breathe blasts of scalding, opaque steam.))
((Your pale cyan-grey scales are hard. (AC +6)))
You cannot fit into any form of body armour.
((You are cold-blooded and may be slowed by cold attacks.))


Message History

The orc wizard blinks!
The orc priest invokes the aid of Beogh against you.
Beogh smites you! The orc priest hits you.
You hit the orc priest.
The orc priest is poisoned.
The orc priest is lightly wounded.
The orc priest hits you.
Unknown command.
You bite the orc priest!
You kill the orc priest!
Your Unarmed Combat skill increases to level 8!
The orc priest calls down the wrath of Beogh upon you.
Beogh smites you!
* * * LOW HITPOINT WARNING * * *
The water moccasin misses you.
The orc wizard mumbles some strange words.
The orc wizard blinks!
The shadow imp shouts, "Begone, thou tottering spleeny yak-dropping!"
The orc priest invokes the aid of Beogh against you.
Beogh smites you!
You die...

#=......# ###
####.#### #..
#####.#######.#
............#.#
.##
.#####.####.#.# ..
.# #.#....#.# .#
.# #.#.##.#÷####.#
# .#
#.#.##........#.#
.#
#......####s....##
.# ###.####
#S.....#
###.......#
#.####.# #.####..#
#[# # #..# #o#
...# §5. ##.# )..
.# ..... .# .....


You could see a water moccasin, an orc priest and a shadow imp.

Vanquished Creatures
  Grinder (D:3)
  An ice beast (D:6)
  2 black bears
  A phantom (D:4)
  A centaur (D:5)
  A howler monkey (D:4)
  A hound (D:5)
  3 orc priests
  Jessica (D:3)
  Terence (D:3)
  An iguana (D:4)
  3 worker ants (D:4)
  A worker ant zombie (D:5)
  6 gnolls
  8 adders
  2 oozes
  An adder skeleton (D:4)
  2 worms
  2 dart slugs
  2 leopard geckos
  8 orcs
  A ball python (D:1)
  9 bats
  6 giant cockroaches
  9 goblins
  5 hobgoblins
  6 jackals
  5 kobolds
  3 frilled lizards
  A quokka skeleton (D:4)
  6 rats
100 creatures vanquished.

Vanquished Creatures (collateral kills)
  Sigmund (D:3)
  Eustachio (D:5)
  An orc (D:3)
  A hobgoblin (D:3)
4 creatures vanquished.

Grand Total: 104 creatures vanquished

Notes
Turn   | Place    | Note
-------+----------+-------------------------------------------
     0 | D:1      | HAL9000 the Draconian Transmuter began the quest for the
                  | Orb.
     0 | D:1      | Reached XP level 1. HP: 16/16 MP: 3/3
    99 | D:1      | Reached XP level 2. HP: 23/23 MP: 5/5
   704 | D:2      | Found a glowing golden altar of the Shining One.
   715 | D:2      | Reached XP level 3. HP: 28/28 MP: 6/6
   739 | D:2      | Learned a level 2 spell: Sticks to Snakes
   743 | D:2      | Learned a level 3 spell: Spider Form
   866 | D:2      | Reached skill level 4 in Unarmed Combat
  1140 | D:1      | Reached XP level 4. HP: 18/35 MP: 3/7
  1927 | D:3      | Noticed Terence
  1989 | D:3      | Killed Terence
  1990 | D:3      | Reached XP level 5. HP: 37/40 MP: 5/8
  2027 | D:3      | Reached skill level 5 in Unarmed Combat
  2267 | D:3      | Noticed Sigmund
  2283 | D:3      | Killed Sigmund
  2283 | D:3      | Reached XP level 6. HP: 35/47 MP: 4/9
  2331 | D:3      | Noticed Jessica
  2339 | D:3      | Killed Jessica
  2385 | D:3      | Noticed Grinder
  2695 | D:3      | Killed Grinder
  2695 | D:3      | Reached skill level 6 in Unarmed Combat
  2695 | D:3      | Reached skill level 5 in Transmutations
  3157 | D:4      | Your scales start taking on a pale cyan-grey colour.
  3157 | D:4      | Reached XP level 7. HP: 30/52 MP: 10/10
  3605 | D:4      | Found a staircase to the Ecumenical Temple.
  3624 | Temple   | Entered the Ecumenical Temple
  4179 | D:5      | Entered Level 5 of the Dungeon
  4331 | D:5      | Reached skill level 7 in Unarmed Combat
  4527 | D:5      | Noticed Eustachio
  4546 | D:5      | HP: 1/52 [ufetubus[Eustachio] (3)]
  4546 | D:5      | Killed Eustachio
  4546 | D:5      | Reached XP level 8. HP: 1/59 MP: 6/11
  5711 | D:6      | Reached skill level 8 in Unarmed Combat
  5713 | D:6      | Killed from afar by an orc priest

Levels and vault maps discovered:
D:1:      grunt_arrival_crossed_arrows, layout_rooms
D:2:      layout_basic, old_standard_altar
D:3:      layout_basic, uniq_grinder, uniq_terence, uniq_jessica, uniq_sigmund
D:4:      minmay_spotlight, layout_basic, minmay_temple_entry_arrows,
          first_ration
D:5:      black_bear_nest_2, layout_cave_pools, uniq_eustachio
D:6:      layout_loops_cross, slow_altar_2
Temple:   eino_temple_lava

Skill      XL: |  1  2  3  4  5  6  7  8 |
---------------+-------------------------+-----
Unarmed Combat | 4 5 6 7 8 |  8.0
Transmutations | 3 4 5 6 7 |  7.4
Fighting       | |  1.1
Dodging        | |  1.7
Spellcasting   | |  2.0

Action                   |  1- 3 |  4- 6 |  7- 9 || total
-------------------------+-------+-------+-------++-------
Melee: Unarmed           |   105 |   146 |   108 ||   359
       Kick              |     3 |       |       ||     3
       Tailslap          |    10 |     3 |     5 ||    18
       Punch             |     1 |     1 |     1 ||     3
       Headbutt          |     6 |     9 |     2 ||    17
 Cast: Beastly Appendage |     8 |     6 |     3 ||    17
       Spider Form       |     2 |     9 |     8 ||    19
       Sticks to Snakes  |       |     9 |     5 ||    14
 Abil: Breathe Steam     |       |       |     5 ||     5
  Use: Scroll            |       |     2 |       ||     2
  Eat: Chunk             |     1 |     9 |     7 ||    17
       Ration            |       |       |     1 ||     1
Armor: Skin              |    22 |    54 |    19 ||    95
Dodge: Dodged            |    70 |   141 |    66 ||   277

Table legend:
 A = Non-vault XP
 B = Vault XP
 C = Vault XP percentage of total XP
 D = Non-vault monster count
 E = Vault monster count
 F = Vault count percentage of total count
                 A         B        C        D         E       F
            +---------+---------+-------+---------+---------+-------
      Total |    1215 |     729 |  37.5 |      97 |       7 |   6.7
            +---------+---------+-------+---------+---------+-------
        D:1 |      59 |       0 |   0.0 |      15 |       0 |   0.0
        D:2 |      77 |       0 |   0.0 |      22 |       0 |   0.0
        D:3 |     142 |     449 |  76.0 |      32 |       4 |  11.1
        D:4 |     341 |       1 |   0.3 |      12 |       1 |   7.7
        D:5 |     244 |     279 |  53.3 |       9 |       2 |  18.2
        D:6 |     352 |       0 |   0.0 |       7 |       0 |   0.0
            +---------+---------+-------+---------+---------+-------
